 Dungeon Crawl Stone Soup version 0.16-a0-321-g9a421ca (webtiles) character file.

227685 PolkaDot the Imperceptible (level 18, -22/127 HPs)
             Began as a Vampire Enchanter on Sept 1, 2014.
             Was the Champion of Ashenzari.
             Killed from afar by a greater naga (40 damage)
             ... with an orb of energy
             ... on Level 5 of the Snake Pit on Sept 2, 2014.
             The game lasted 04:47:34 (47689 turns).

PolkaDot the Imperceptible (Vampire Enchanter)     Turns: 47689, Time: 04:47:35

HP -22/127       AC 16     Str  9      XL: 18   Next: 68%
MP  17/34        EV 21     Int 26      God: Ashenzari [******]
Gold 692         SH  6     Dex 20      Spells: 11 memorised,  1 level left

rFire  + . .     SeeInvis +     c - +5 cutlass (vamp) (curse)
rCold  + + +     Clarity  +     S - +2 leather armour {rF+} (curse)
rNeg   + + +     rCorr    .     m - +0 buckler (curse)
rPois  +         rRot     +     p - +2 hat (curse)
rElec  .         Spirit   .     o - +1 cloak {+Inv} (curse)
SustAb .         Warding  +     W - +2 pair of gloves (curse)
rMut   .         Stasis   .     n - +0 pair of boots (curse)
Gourm  .                        I - cursed amulet of warding
MR     +....                    z - cursed ring "Sogis" {rPois Str+2 Dex+3 Int+4}
                                T - cursed ring of Beuw {+Fly rC+ AC+2 Int+2}

@: lethally poisoned, bonded with blade, very slightly contaminated, bloodless,
non-regenerating, constricted, studying Stealth, somewhat resistant to hostile
enchantments, uncannily stealthy
A: bottle blood, fangs 3, see invisible, unbreathing
a: Bat Form, Bottle Blood, Scrying, Transfer Knowledge, Renounce Religion, Evoke
Invisibility, Evoke Flight
}: 1/15 runes: barnacled


You were on level 5 of the Snake Pit.
You worshipped Ashenzari.
Ashenzari was exalted by your worship.
You were bloodless.

You visited 5 branches of the dungeon, and saw 34 of its levels.

You collected 2669 gold pieces.
You spent 1977 gold pieces at shops.

Inventory:

Hand weapons
 c - a cursed +5 vampiric cutlass (weapon)
Missiles
 V - 9 throwing nets (quivered)
Armour
 m - a cursed +0 buckler (worn)
 n - a cursed +0 pair of boots (worn)
 o - a cursed +1 cloak of darkness (worn)
 p - a cursed +2 hat (worn)
 S - a cursed +2 leather armour of fire resistance (worn)
 W - a cursed +2 pair of gloves (worn)
Magical devices
 t - a wand of digging (17)
 u - a wand of paralysis (6)
 C - a wand of invisibility (2)
 D - a wand of disintegration (14)
 E - a wand of teleportation (5)
 H - a wand of hasting (5)
 M - a wand of heal wounds (5)
 Q - a wand of cold (3)
Scrolls
 a - 4 scrolls of fear
 b - a scroll of silence
 e - 4 scrolls of magic mapping
 r - 2 scrolls of curse weapon
 v - 3 scrolls of vulnerability
 w - 4 scrolls of blinking
 x - 14 scrolls of teleportation
 y - 3 scrolls of immolation
 B - 2 scrolls of fog
 F - 2 scrolls of curse armour
 G - a scroll of recharging
 K - 3 scrolls of remove curse
 N - a scroll of identify
 U - 2 scrolls of torment
 Y - 2 scrolls of brand weapon
 Z - a scroll of summoning
Jewellery
 z - the cursed ring "Sogis" (right hand) {rPois Str+2 Dex+3 Int+4}
   (You found it on level 8 of the Lair of Beasts)

   [ring of poison resistance]

   It affects your strength (+2).
   It affects your intelligence (+4).
   It affects your dexterity (+3).
   It protects you from poison.
   It has a curse placed upon it.
 I - a cursed amulet of warding (around neck)
 T - the cursed ring of Beuw (left hand) {+Fly rC+ AC+2 Int+2}
   (You found it on level 2 of the Shoals)

   [ring of protection]

   It affects your AC (+2).
   It affects your intelligence (+2).
   It protects you from cold.
   It lets you fly.
   It has a curse placed upon it.
Potions
 d - a potion of invisibility
 g - a potion of brilliance
 i - 5 potions of restore abilities
 j - 11 potions of curing
 k - 6 potions of heal wounds
 l - 2 potions of might
 A - 3 potions of flight
 L - 13 potions of agility
 O - 3 potions of resistance
 R - 5 potions of haste
Books
 f - a book of the Sky

   Spells                             Type                      Level
   *Flight                            Charms/Air                   3
   Airstrike                          Air                          4
   *Silence                           Hexes/Air                    5
   *Deflect Missiles                  Charms/Air                   6
   Conjure Ball Lightning             Conjuration/Air              6
   Tornado                            Air                          9
 h - a book of Wizardry

   Spells                             Type                      Level
   Agony                              Necromancy                   5
   Force Lance                        Conjuration                  5
   Dispersal                          Translocation                6
   Haste                              Charms                       6
   Invisibility                       Hexes                        6
   Spellforged Servitor               Conjuration/Summoning        7
 s - a book of Power

   Spells                             Type                      Level
   Fulminant Prism                    Conjuration/Hexes            4
   Iskenderun's Mystic Blast          Conjuration                  4
   Venom Bolt                         Conjuration/Poison           5
   Bolt of Magma                      Conjuration/Fire/Earth       5
   Iron Shot                          Conjuration/Earth            6
   Orb of Destruction                 Conjuration                  7
 J - a manual of Stealth
 P - a book of Necromancy

   Spells                             Type                      Level
   Pain                               Necromancy                   1
   Animate Skeleton                   Necromancy                   1
   Vampiric Draining                  Necromancy                   3
   Regeneration                       Charms/Necromancy            3
   Animate Dead                       Necromancy                   4
   Control Undead                     Necromancy                   4
 X - a book of Party Tricks

   Spells                             Type                      Level
   Summon Butterflies                 Summoning                    1
   *Apportation                       Translocation                1
   Blink                              Translocation                2
   Tukima's Dance                     Hexes                        3
   Alistair's Intoxication            Transmutation/Poison         4


   Skills:
 * Level 7.0 Fighting
 - Level 12.7(16.8) Short Blades
 - Level 5.2 Armour
 - Level 7.6(12.1) Dodging
 + Level 23.4(26.6) Stealth
 - Level 3.5(6.2) Shields
 - Level 9.8 Spellcasting
 + Level 23.2(26.5) Hexes
 + Level 10.1(14.4) Charms
 - Level 3.9(8.1) Translocations
 - Level 4.4(8.7) Transmutations
 - Level 1.3(4.1) Ice Magic
 - Level 2.6(6.3) Air Magic
 - Level 11.3(15.5) Evocations


You had one spell level left.
You knew the following spells:

 Your Spells              Type           Power        Failure   Level  Hunger
a - Corona                Hex            #######      0%          1    None
b - Sure Blade            Hex/Chrm       #######...   0%          2    None
c - Confuse               Hex            ########     0%          3    None
d - Ensorcelled Hibernat  Hex/Ice        ######       0%          2    None
e - Enslavement           Hex            ########     0%          4    None
p - Passwall              Trmt/Erth      #####.....   1%          3    None
A - Apportation           Tloc           ######....   1%          1    None
D - Deflect Missiles      Chrm/Air       ######....   12%         6    #####..
E - Metabolic Englaciati  Hex/Ice        #######...   1%          5    ###....
F - Flight                Chrm/Air       ######....   1%          3    None
Q - Silence               Hex/Air        #######...   1%          5    ###....


Dungeon Overview and Level Annotations

Branches:
Dungeon (15/15)            Temple (1/1) D:5             Orc (0/4) D:9
   Lair (8/8) D:10         Shoals (5/5) Lair:6        Snake (5/5) Lair:5
  Slime (0/6) Lair:6       Vaults (0/5) D:14         Depths (0/5) D:15

Altars:
Ashenzari
Cheibriados
Dithmenos
Elyvilon
Fedhas
Gozag
Kikubaaqudgha
Makhleb
Nemelex Xobeh
Okawaru
Qazlal
Sif Muna
Trog
Vehumet
Xom
Yredelemnul
Zin
The Shining One
Jiyva

Shops:
D:6 :?:!   D:8 [   D:12 }   D:15 %   Shoals:1 :   Shoals:5 %   Snake:4 *


Innate Abilities, Weirdness & Mutations

You do not heal naturally.
You can bottle blood from corpses.
You have razor-sharp teeth.
You have supernaturally acute eyesight.
You can survive without breathing.


Message History

* * * LOW HITPOINT WARNING * * *
The greater naga constricts you.
Your naga mage casts a spell at the greater naga.
The greater naga is unaffected.
Your naga mage constricts the greater naga.
You draw the greater naga's blood!
You feel better.
You feel slightly less thirsty.
You hit the greater naga.
You feel better.
You bite the greater naga, but do no damage.
The greater naga is heavily wounded.
The greater naga casts a spell at you. The bolt of poison hits you! You resist.
* * * LOW HITPOINT WARNING * * *
x2 The greater naga constricts you.
You draw the greater naga's blood!
You feel better.
You feel slightly less thirsty.
You hit the greater naga but do no damage.
The greater naga is heavily wounded.
The greater naga casts a spell at you. The orb of energy hits you!
You die...

###....# , ,
,,,
#......####..<,
* *
###...........,
, #...........
,* #..........
,*,,*
#......#+##*, *
##.....##,, *
*, ,, #..N...#
, ,* * ,,
##.@N...# ,
#...##..#*∆*
*** #.### ...#
, , , ###*
∆{N.., ,,,,,,,
, , .., , ,
**,, ,{ , , , *
,,, ,,,, , ** ,
, ,,, ,, * ,,,
, ,,, ,


You could see a greater naga and a friendly naga mage.

Vanquished Creatures
  A kraken (Shoals:5)
  Frances (Shoals:1)
  A greater naga (Snake:5)
  Ilsuiw (Shoals:5)
  Gastronok (D:9)
  Azrael (Snake:1)
  Snorg (Snake:1)
  3 merfolk javelineers
  8 merfolk impalers
  8 vault guards (D:14)
  An ettin (D:15)
  A fire dragon (Lair:8)
  8 naga warriors
  Harold (D:10)
  A hydra (Lair:7)
  Nessos (D:12)
  5 sirens
  6 anacondas
  A ravenous item mimic (Lair:7)
  Erica (D:15)
  3 centaur warriors
  10 merfolk aquamancers
  An ogre mage (D:15)
  A satyr (Shoals:4)
  A tengu warrior (D:12)
  3 unseen horrors
  16 death yaks (Lair:8)
  Urug (D:13)
  6 shock serpents
  5 naga sharpshooters
  7 hell knights (D:12)
  2 deep elf knights (D:15)
  A salamander mystic (Snake:5)
  16 sea snakes
  A deep troll (D:15)
  7 naga ritualists
  8 mana vipers
  27 harpies
  A necromancer (D:12)
  6 hill giants
  9 water nymphs
  21 fauns
  10 griffons
  The ghost of lennard the Martial Artist, an experienced SpTm (D:7)
  30 elephants
  15 ugly things
  14 manticores
  8 salamanders
  5 cyclopes
  24 naga magi
  Joseph (D:7)
  6 mermaids
  A guardian serpent (Snake:2)
  A gargoyle (D:14)
  43 black mambas
  2 centaur skeletons
  Psyche (D:10)
  11 komodo dragons
  7 spiny frogs
  The ghost of casual the Chiller, an experienced MfIE (D:4)
  2 queen bees
  5 fire drakes
  7 polar bears
  3 tengu conjurers
  A deep elf priest (D:15)
  20 blink frogs
  Sonja (D:10)
  30 merfolk
  9 slime creatures
  Prince Ribbit (D:9)
  10 ravens
  14 snapping turtles
  7 trolls
  3 wind drakes
  A boulder beetle (Lair:7)
  6 basilisks
  5 two-headed ogres
  A trapdoor spider (D:11)
  A vampire (D:15)
  A spriggan (Lair:4)
  A shadow (D:15)
  A griffon skeleton (D:14)
  3 wyverns
  11 water elementals
  9 hogs (Lair:8)
  Eustachio (D:9)
  A fire elemental (Snake:1)
  67 yaks
  3 deep elf magi
  2 steam dragons
  9 hippogriffs
  A hill giant skeleton (D:14)
  13 vampire mosquitoes
  5 wargs (Lair:8)
  3 hungry ghosts
  Menkaure (D:6)
  45 nagas
  3 porcupines
  15 hell hounds
  33 wolves
  31 water moccasins
  8 sky beasts
  2 swamp drakes (Lair:8)
  10 black bears
  8 ogres
  A phantom (D:4)
  6 orc warriors
  2 boggarts (D:15)
  3 ice beasts
  The ghost of Oper80 the Vexing, an average FoAM (D:3)
  2 yellow wasps
  18 centaurs
  Sigmund (D:2)
  15 crocodiles
  A gnoll sergeant (D:7)
  18 giant frogs
  2 big kobolds (D:11)
  A wyvern zombie (D:10)
  2 cyclops zombies
  2 eyes of draining
  4 scorpions
  31 killer bees
  3 wights (D:15)
  4 electric eels
  A troll skeleton (D:12)
  A giant frog zombie (D:6)
  7 crimson imps
  A centaur zombie (D:12)
  6 orc priests
  3 goliath beetles
  5 jellies
  22 hounds
  Crazy Yiuf (D:2)
  A lava snake (D:15)
  A quasit (D:12)
  A cyclops simulacrum (D:15)
  2 black bear skeletons
  A giant frog skeleton (D:5)
  13 orc wizards
  9 worker ants
  Natasha (thrice) (D:6)
  11 iguanas
  39 sheep
  A killer bee zombie (D:11)
  An ogre zombie (D:6)
  5 mummies
  9 gnolls
  A gnoll zombie (D:7)
  94 green rats
  30 adders
  2 orc zombies
  4 shadow imps
  A steam dragon skeleton (D:8)
  A white imp (D:6)
  A giant mite (D:1)
  An inept feature mimic (D:7)
  A worm (D:5)
  An adder zombie (D:7)
  An adder skeleton (D:4)
  6 giant geckos
  An ooze (D:3)
  49 orcs
  2 ball pythons (Lair:5)
  9 bats
  3 giant cockroaches
  11 hobgoblins
  16 jackals
  22 kobolds
  13 quokkas
  11 giant newts
  A giant spore (D:8)
  8 goblins
  A hobgoblin zombie (D:8)
  A kobold skeleton (D:4)
  2 orc skeletons (D:10)
  9 rats
  A rat skeleton (D:8)
  8 ballistomycetes
  A plant (Lair:7)
1374 creatures vanquished.

Vanquished Creatures (collateral kills)
  A manticore (Shoals:2)
  A tengu conjurer (D:14)
  A boggart (D:15)
  3 centaurs (D:12)
  An electric eel (D:15)
  A giant spore (D:12)
8 creatures vanquished.

Vanquished Creatures (others)
  Fannar (D:10)
  A naga ritualist (Snake:1)
  7 drowned souls (Shoals:5)
  A komodo dragon (Lair:8)
  A giant frog (Lair:7)
  A crimson imp (D:12)
  An iguana (Lair:8)
  12 fungi
  19 plants
  11 tentacles (Shoals:5)
  A tentacle segment (Shoals:5)
56 creatures vanquished.

Grand Total: 1438 creatures vanquished

Notes
Turn   | Place    | Note
--------------------------------------------------------------
     0 | D:1      | PolkaDot, the Vampire Enchanter, began the quest for the Orb.
     0 | D:1      | Reached XP level 1. HP: 13/13 MP: 3/3
   468 | D:1      | Reached XP level 2. HP: 19/19 MP: 2/4
   849 | D:1      | Learned a level 2 spell: Ensorcelled Hibernation
  1111 | D:1      | Reached skill level 5 in Hexes
  1574 | D:1      | Reached skill level 1 in Ice Magic
  1574 | D:1      | Reached XP level 3. HP: 21/24 MP: 3/6
  1895 | D:2      | Learned a level 3 spell: Confuse
  1949 | D:2      | Reached skill level 5 in Stealth
  2126 | D:2      | Reached XP level 4. HP: 30/30 MP: 2/7
  2296 | D:2      | Noticed Crazy Yiuf
  2300 | D:2      | Killed Crazy Yiuf
  2300 | D:2      | Reached skill level 6 in Hexes
  2557 | D:2      | Noticed Sigmund
  2568 | D:2      | Killed Sigmund
  2568 | D:2      | Reached skill level 1 in Evocations
  2568 | D:2      | Reached XP level 5. HP: 35/35 MP: 6/9
  2729 | D:3      | Noticed Oper80's ghost (average FoAM)
  2867 | D:3      | Killed Oper80's ghost
  2867 | D:3      | Reached XP level 6. HP: 29/41 MP: 6/10
  3784 | D:4      | Found a radiant altar of Vehumet.
  3797 | D:4      | Found an iron altar of Okawaru.
  3812 | D:4      | Reached skill level 7 in Hexes
  3847 | D:4      | Found an opulent altar of Gozag.
  4222 | D:4      | Noticed casual's ghost (experienced MfIE)
  4240 | D:4      | Killed casual's ghost
  4240 | D:4      | Reached XP level 7. HP: 34/46 MP: 10/12
  4313 | D:4      | Reached skill level 8 in Hexes
  4623 | D:4      | Found a shadowy altar of Dithmenos.
  4879 | D:4      | Learned a level 4 spell: Enslavement
  4912 | D:5      | Entered Level 5 of the Dungeon
  4944 | D:5      | Found a staircase to the Ecumenical Temple.
  4994 | D:5      | Reached skill level 5 in Evocations
  5015 | Temple   | Entered the Ecumenical Temple
  5129 | Temple   | Became a worshipper of Ashenzari the Shackled
  5197 | D:5      | Found a glowing golden altar of the Shining One.
  5881 | D:5      | Reached XP level 8. HP: 50/52 MP: 12/15
  6214 | D:6      | Found a white marble altar of Elyvilon.
  6301 | D:6      | Noticed Natasha
  6303 | D:6      | Reached skill level 9 in Stealth
  6310 | D:6      | Killed Natasha
  6397 | D:6      | Noticed Menkaure
  6406 | D:6      | Found Zaysuit's Magic Scroll Shop.
  6415 | D:6      | Killed Menkaure
  6420 | D:6      | Bought a scroll of identify for 26 gold pieces
  6420 | D:6      | Bought a scroll of identify for 26 gold pieces
  6420 | D:6      | Bought a scroll of remove curse for 39 gold pieces
  6420 | D:6      | Bought a scroll of blinking for 97 gold pieces
  6420 | D:6      | Bought a scroll of teleportation for 39 gold pieces
  6420 | D:6      | Bought a scroll of remove curse for 39 gold pieces
  6420 | D:6      | Bought a scroll of identify for 26 gold pieces
  6446 | D:6      | Noticed Natasha
  6451 | D:6      | Killed Natasha
  6462 | D:6      | Noticed Natasha
  6475 | D:6      | Killed Natasha
  6529 | D:6      | Found Foedgho's Book Boutique.
  6672 | D:6      | Found Broffium's Book Emporium.
  6681 | D:6      | Found Streamex's Distillery.
  6821 | D:6      | Found a deep blue altar of Sif Muna.
  6848 | D:6      | Identified Sif Muna's Incunabulum of Enchantment
  7395 | D:7      | Noticed lennard's ghost (experienced SpTm)
  7634 | D:6      | Reached skill level 10 in Stealth
  7730 | D:7      | Killed lennard's ghost
  7730 | D:7      | Reached skill level 10 in Hexes
  7730 | D:7      | Reached XP level 9. HP: 49/57 MP: 13/19
  8075 | D:7      | Noticed a hill giant
  8080 | D:7      | Killed a hill giant
  8080 | D:7      | Reached skill level 11 in Stealth
  8209 | D:7      | Noticed Joseph
  8221 | D:7      | Killed Joseph
  8881 | D:7      | Learned a level 2 spell: Sure Blade
  9018 | D:8      | Found a shimmering altar of Xom.
  9021 | D:8      | Noticed an angel
  9024 | D:8      | Found a glowing silver altar of Zin.
  9091 | D:8      | Reached XP level 10. HP: 63/63 MP: 14/22
  9142 | D:8      | Found a shadowy altar of Dithmenos.
  9234 | D:8      | Reached skill level 12 in Stealth
  9289 | D:8      | Found an ancient bone altar of Kikubaaqudgha.
  9801 | D:8      | Found Qierr's Antique Armour Shoppe.
  9806 | D:8      | Bought a silk robe for 176 gold pieces
  9817 | D:8      | Identified the cursed -5 robe "Pireodur" {Slay+5} (You bought it in a shop on level 8 of the Dungeon)
 10065 | D:9      | Noticed Eustachio
 10072 | D:9      | Killed Eustachio
 10122 | D:9      | Noticed Prince Ribbit
 10132 | D:9      | Killed Prince Ribbit
 10169 | D:9      | Reached skill level 10 in Evocations
 10179 | D:9      | Found a bloodstained altar of Trog.
 10226 | D:9      | Found a staircase to the Orcish Mines.
 10333 | D:9      | Acquired Ashenzari's first power
 10670 | D:9      | Found a basalt altar of Yredelemnul.
 10786 | D:9      | Noticed Gastronok
 10822 | D:9      | Killed Gastronok
 10822 | D:9      | Reached skill level 13 in Stealth
 11176 | D:10     | Entered Level 10 of the Dungeon
 11176 | D:10     | Noticed Psyche
 11181 | D:10     | Killed Psyche
 11189 | D:10     | Reached XP level 11. HP: 68/68 MP: 22/24
 11196 | D:10     | Noticed Fannar
 11238 | D:10     | Killed Fannar
 11238 | D:10     | Reached skill level 14 in Hexes
 11402 | D:10     | Noticed Sonja
 11410 | D:10     | Killed Sonja
 11554 | D:10     | Found a staircase to the Lair.
 11911 | D:10     | Noticed Harold
 12019 | D:10     | Killed Harold
 12134 | D:10     | Noticed a hill giant
 12137 | D:10     | Killed a hill giant
 12137 | D:10     | Reached skill level 15 in Hexes
 12547 | Lair:1   | Entered Level 1 of the Lair of Beasts
 12590 | Lair:1   | Identified the cursed -1 robe of Midnight {Dex+4}
 12987 | Lair:1   | Acquired Ashenzari's second power
 12995 | Lair:1   | Reached skill level 1 in Shields
 14675 | D:8      | Bought a pair of crude gloves for 294 gold pieces
 14675 | D:8      | Identified the cursed -1 pair of gloves "Noel" {Dex+4 Int-1} (You bought it in a shop on level 8 of the Dungeon)
 14993 | Lair:3   | Reached skill level 15 in Stealth
 14995 | Lair:3   | Reached XP level 12. HP: 74/74 MP: 5/26
 15242 | Lair:3   | Reached skill level 5 in Short Blades
 16008 | Lair:4   | Reached skill level 16 in Hexes
 16333 | Lair:4   | Acquired Ashenzari's third power
 16372 | Lair:4   | Reached skill level 17 in Hexes
 17584 | Lair:5   | Reached XP level 13. HP: 79/79 MP: 13/27
 17764 | Lair:5   | Found a staircase to the Snake Pit.
 17773 | Lair:5   | Reached skill level 18 in Hexes
 18459 | Lair:5   | Identified the cursed -7 robe of Valiance {Str+5 Dex+4}
 20326 | Lair:6   | Reached skill level 19 in Hexes
 20571 | Lair:6   | Found a staircase to the Shoals.
 20623 | Lair:6   | Identified the cursed +4 scale mail of Geikef {SInv}
 20646 | Lair:6   | Found a viscous altar of Jiyva.
 20646 | Lair:6   | Found a staircase to the Slime Pits.
 21639 | Lair:7   | Reached skill level 1 in Armour
 21649 | Lair:7   | Acquired Ashenzari's fourth power
 22708 | Lair:7   | Reached XP level 14. HP: 85/85 MP: 28/28
 22712 | Lair:8   | Entered Level 8 of the Lair of Beasts
 22875 | Lair:8   | Reached skill level 20 in Hexes
 24070 | Lair:8   | Reached skill level 10 in Short Blades
 24302 | Lair:8   | Reached skill level 5 in Armour
 25083 | Lair:8   | Identified the cursed ring "Sogis" {rPois Str+2 Dex+3 Int+4}
 25121 | Lair:8   | Upgraded the game from 0.16-a0-313-gd7fe310 to 0.16-a0-321-g9a421ca
 25523 | Lair:8   | Reached skill level 5 in Dodging
 25929 | Lair:8   | Learned a level 5 spell: Metabolic Englaciation
 27657 | D:12     | Noticed Nessos
 27666 | D:12     | Killed Nessos
 27666 | D:12     | Reached XP level 15. HP: 90/90 MP: 27/29
 27936 | D:12     | Found Khuela's Gadget Emporium.
 28408 | D:12     | Reached skill level 21 in Hexes
 29245 | D:13     | Noticed Urug
 29259 | D:13     | Killed Urug
 30045 | D:14     | Found a stormy altar of Qazlal.
 30058 | D:14     | Found a gate to the Vaults.
 30959 | D:15     | Entered Level 15 of the Dungeon
 31008 | D:15     | Found Thasm's Food Emporium.
 32026 | D:15     | Reached XP level 16. HP: 97/97 MP: 30/30
 32166 | D:15     | Reached skill level 22 in Hexes
 32202 | D:15     | Reached skill level 1 in Fighting
 32558 | D:15     | Noticed Erica
 32567 | D:15     | Killed Erica
 32609 | D:15     | Found a staircase to the Depths.
 33883 | D:6      | Bought a book of the Sky for 715 gold pieces
 34187 | Shoals:1 | Entered Level 1 of the Shoals
 34218 | Shoals:1 | Noticed Frances
 34251 | Shoals:1 | Killed Frances
 34254 | Shoals:1 | Reached skill level 1 in Charms
 34263 | Shoals:1 | Learned a level 3 spell: Flight
 34779 | Shoals:1 | Found Buuvvial's Book Boutique.
 34978 | Shoals:2 | Identified the ring of Beuw {+Fly rC+ AC+2 Int+2}
 34991 | Shoals:2 | Reached skill level 5 in Spellcasting
 35022 | Shoals:2 | Learned a level 5 spell: Silence
 35992 | Shoals:2 | Learned a level 3 spell: Passwall
 36094 | Shoals:2 | Reached skill level 1 in Transmutations
 36595 | Shoals:3 | Reached skill level 5 in Charms
 37357 | Shoals:1 | Bought a book of Party Tricks for 500 gold pieces
 37360 | Shoals:1 | Learned a level 1 spell: Apportation
 37605 | Shoals:4 | Reached XP level 17. HP: 106/106 MP: 27/31
 37608 | Shoals:4 | Reached skill level 1 in Translocations
 38026 | Shoals:5 | Entered Level 5 of the Shoals
 39274 | Shoals:5 | Identified the ring "Lulyasur" {rF- Str+4}
 39450 | Shoals:5 | Noticed Ilsuiw
 39986 | Shoals:5 | Got a barnacled rune of Zot
 40121 | Shoals:5 | Found Soruy's Food Boutique.
 40147 | Shoals:5 | Learned a level 6 spell: Deflect Missiles
 40181 | Shoals:5 | Reached skill level 1 in Air Magic
 40402 | Shoals:5 | Killed Ilsuiw
 41001 | Snake:1  | Entered Level 1 of the Snake Pit
 41038 | Snake:1  | Identified a scroll of acquirement
 41039 | Snake:1  | Identified the cursed +1 buckler of Inicua {Dex-4 Int+2} (You acquired it on level 1 of the Snake Pit)
 41059 | Snake:1  | Noticed Snorg
 41067 | Snake:1  | Killed Snorg
 41092 | Snake:1  | Noticed Azrael
 41100 | Snake:1  | Killed Azrael
 42093 | Snake:1  | Reached XP level 18. HP: 116/116 MP: 30/34
 43950 | Snake:3  | Reached skill level 5 in Fighting
 45030 | Snake:3  | Reached skill level 23 in Hexes
 45607 | Snake:4  | Found Unealassel's Assorted Antiques.
 47109 | Snake:5  | Entered Level 5 of the Snake Pit
 47246 | Snake:5  | Reached skill level 10 in Charms
 47689 | Snake:5  | Killed from afar by a greater naga

Action                   |  1- 3 |  4- 6 |  7- 9 | 10-12 | 13-15 | 16-18 || total
-------------------------+-------+-------+-------+-------+-------+-------++-------
Melee: Dagger            |    77 |   171 |   255 |   184 |       |       ||   687
       Cutlass           |       |       |       |   359 |  2222 |  1203 ||  3784
 Cast: Corona            |    10 |       |     3 |     2 |     4 |    12 ||    31
       Ensorcelled Hiber |    16 |    28 |    71 |    97 |   128 |   147 ||   487
       Confuse           |       |     1 |    12 |    20 |    34 |    51 ||   118
       Enslavement       |       |       |     1 |     8 |    16 |    17 ||    42
       Sure Blade        |       |       |       |     1 |    17 |    16 ||    34
       Metabolic Englaci |       |       |       |       |     4 |       ||     4
       Flight            |       |       |       |       |       |    18 ||    18
       Silence           |       |       |       |       |       |     3 ||     3
       Passwall          |       |       |       |       |       |    51 ||    51
       Deflect Missiles  |       |       |       |       |       |     8 ||     8
       Apportation       |       |       |       |       |       |     1 ||     1
 Abil: Evoke Invisibilit |       |     5 |    14 |    21 |    37 |    44 ||   121
       Turn Visible      |       |     3 |     8 |    12 |    16 |    21 ||    60
       End Transformatio |       |       |     2 |       |     4 |     1 ||     7
       Bat Form          |       |       |     2 |       |     4 |     1 ||     7
       Evoke Flight      |       |       |       |       |       |    36 ||    36
       Stop Flying       |       |       |       |       |       |     8 ||     8
Evoke: Wand              |       |       |     1 |     4 |    13 |     9 ||    27
  Use: Scroll            |     2 |     3 |    22 |    14 |    12 |    16 ||    69
       Potion            |       |     2 |     1 |     3 |     3 |     1 ||    10
 Stab: Sleeping          |    21 |    34 |    71 |   162 |   270 |   257 ||   815
       Distracted        |     1 |     1 |     3 |       |     9 |    16 ||    30
       Invisible         |       |     9 |    17 |    22 |    95 |    67 ||   210
       Confused          |       |     3 |    10 |     7 |    27 |    23 ||    70
       Betrayed ally     |       |       |       |     2 |       |       ||     2
       Held in net/web   |       |       |       |       |     1 |     2 ||     3
  Eat: Corpse            |       |       |     1 |       |       |       ||     1
